| TOP OF THE 1ST |
|
Arizona Diamondbacks batting - Pitching for New York Mets : RHP Matt Laverty
|
|
Pitching: RHP Matt Laverty
|
|
|
Batting: RHB Ji-an Li
|
0-0: Ground out 4-3 (Groundball, 4, EV 93.1 MPH)
|
|
Batting: RHB Katilimomi Kelekolio
|
0-0: Ball 1-0: Foul Ball, location: 2F 1-1: Ball 2-1: Swinging Strike 2-2: Foul Ball, location: 2F 2-2: Foul Ball, location: 2F 2-2: DOUBLE (Groundball, 5L, EV 108.1 MPH)
|
|
Batting: SHB Alec Thorpe
|
0-0: Ball 1-0: Ball 2-0: Called Strike 2-1: Foul Ball, location: 2F 2-2: Strikes out looking
|
|
Batting: SHB Perry Tuckfard
|
0-0: Ball 1-0: Ground out 4-3 (Groundball, 4, EV 83.8 MPH)
|
| Top of the 1st over - 0 runs, 1 hit, 0 errors, 1 left on base; Arizona 0 - New York 0 |
| BOTTOM OF THE 1ST |
|
New York Mets batting - Pitching for Arizona Diamondbacks : RHP Marcus Wolfe
|
|
Pitching: RHP Marcus Wolfe
|
|
|
Batting: SHB Nelle van den Berg
|
0-0: Ball 1-0: Ball 2-0: Ball 3-0: Called Strike 3-1: Base on Balls
|
|
Batting: LHB Kevin Bellman
|
0-0: Foul Ball, location: 2F 0-1: Ball 1-1: Ball 2-1: Called Strike 2-2: Ball 3-2: Strikes out looking
|
|
Batting: SHB Sean Cook
|
0-0: Ball 1-0: Ball 2-0: Called Strike 2-1: Ball 3-1: Foul Ball, location: 2F 3-2: Fly out, F7 (Flyball, 7S, EV 95.0 MPH)
|
|
Batting: RHB Jeff Jank
|
0-0: Ball 1-0: Swinging Strike 1-1: SINGLE (Line Drive, 89S, EV 96.9 MPH) Nelle van den Berg to second Runner from 2nd tries for 3rd, SAFE, throw by RF made to third
|
|
Batting: RHB Billy Walker
|
0-0: Ball 1-0: Swinging Strike 1-1: Called Strike 1-2: Ball 2-2: Ball 3-2: Ground out 1-3 (Groundball, 13S, EV 75.6 MPH)
|
| Bottom of the 1st over - 0 runs, 1 hit, 0 errors, 2 left on base; Arizona 0 - New York 0 |
| TOP OF THE 2ND |
|
Arizona Diamondbacks batting - Pitching for New York Mets : RHP Matt Laverty
|
|
Batting: LHB Joel Kunkler
|
0-0: Foul Ball, location: 2F 0-1: Called Strike 0-2: Foul Ball, location: 2F 0-2: Foul Ball, location: 2F 0-2: Ball 1-2: Strikes out swinging
|
|
Batting: SHB Salvador Aragon
|
0-0: Ball 1-0: Foul Ball, location: 2F 1-1: Ball 2-1: Swinging Strike 2-2: Fly out, F7 (Flyball, 78M, EV 86.2 MPH)
|
|
Batting: LHB Kyle Beaulieu
|
0-0: Called Strike 0-1: Ball 1-1: Ball 2-1: Called Strike 2-2: Foul Ball, location: 2F 2-2: Ball 3-2: Base on Balls
|
|
Batting: RHB Bob Najar
|
0-0: Swinging Strike 0-1: Swinging Strike 0-2: Foul Ball, location: 2F 0-2: Ball 1-2: Ball 2-2: Strikes out looking
|
| Top of the 2nd over - 0 runs, 0 hits, 0 errors, 1 left on base; Arizona 0 - New York 0 |
| BOTTOM OF THE 2ND |
|
New York Mets batting - Pitching for Arizona Diamondbacks : RHP Marcus Wolfe
|
|
Batting: SHB Roberto Magne
|
0-0: Ball 1-0: Ball 2-0: Called Strike 2-1: Ball 3-1: Base on Balls
|
|
Batting: SHB Javy Rosa
|
0-0: Foul Ball, location: 2F 0-1: Swinging Strike 0-2: Strikes out swinging
|
|
Batting: LHB Fabiano Perrolas
|
0-0: Ball 1-0: Ball 2-0: Ball 3-0: Called Strike 3-1: Foul Ball, location: 2F 3-2: Strikes out swinging
|
|
Batting: RHB Finn Ross
|
0-0: Ball 1-0: Swinging Strike 1-1: Called Strike 1-2: Fielders Choice at 2nd, U6 (Groundball, 6M, EV 88.1 MPH)
|
| Bottom of the 2nd over - 0 runs, 0 hits, 0 errors, 1 left on base; Arizona 0 - New York 0 |
| TOP OF THE 3RD |
|
Arizona Diamondbacks batting - Pitching for New York Mets : RHP Matt Laverty
|
|
Batting: SHB Warren Eisner
|
0-0: Ball 1-0: SOLO HOME RUN (Flyball, 89XD, EV 101.2 MPH), Distance : 424 ft
|
|
Batting: RHB Ji-an Li
|
0-0: Called Strike 0-1: Ball 1-1: Foul Ball, location: 2F 1-2: Foul Ball, location: 2F 1-2: Ball 2-2: Ground out 4-3 (Groundball, 4M, EV 103.8 MPH)
|
|
Batting: RHB Katilimomi Kelekolio
|
0-0: Ball 1-0: Called Strike 1-1: Ball 2-1: Called Strike 2-2: Ball 3-2: Foul Ball, location: 2F 3-2: Base on Balls
|
|
Pitching: LHP Sam Schrecengost
|
|
|
Batting: SHB Alec Thorpe
|
0-0: Ball 1-0: Foul Ball, location: 2F 1-1: Called Strike Katilimomi Kelekolio steals 2nd base 1-2: Ball 2-2: Strikes out swinging
|
|
Batting: SHB Perry Tuckfard
|
0-0: Ball 1-0: Ball 2-0: Ball 3-0: Base on Balls
|
|
Batting: LHB Joel Kunkler
|
0-0: Ball 1-0: Called Strike 1-1: Ball 2-1: Foul Ball, location: 2F 2-2: Foul Ball, location: 2F 2-2: Ball 3-2: Foul Ball, location: 2F 3-2: Foul Ball, location: 2F 3-2: Foul Ball, location: 2F 3-2: Base on Balls Katilimomi Kelekolio to third Perry Tuckfard to second
|
|
Batting: SHB Salvador Aragon
|
0-0: Ball 1-0: GRAND SLAM HOME RUN (Flyball, 9D, EV 101.9 MPH), Distance : 382 ft
|
|
Pitching: RHP Casey Cuomo
|
|
|
Batting: LHB Kyle Beaulieu
|
0-0: Swinging Strike 0-1: Ball 1-1: Foul Ball, location: 2F 1-2: Foul Ball, location: 2F 1-2: DOUBLE (Flyball, 78D, EV 96.2 MPH)
|
|
Batting: RHB Bob Najar
|
0-0: Called Strike 0-1: Fly out, F3 (Popup, 3F, EV 64.4 MPH)
|
| Top of the 3rd over - 5 runs, 3 hits, 0 errors, 1 left on base; Arizona 5 - New York 0 |
| BOTTOM OF THE 3RD |
|
New York Mets batting - Pitching for Arizona Diamondbacks : RHP Marcus Wolfe
|
|
Batting: SHB Nelle van den Berg
|
0-0: Foul Ball, location: 2F 0-1: Ball 1-1: Foul Ball, location: 2F 1-2: SOLO HOME RUN (Flyball, 9D, EV 99.4 MPH), Distance : 383 ft
|
|
Batting: LHB Kevin Bellman
|
0-0: Ball 1-0: Ball 2-0: Swinging Strike 2-1: Ball 3-1: Base on Balls
|
|
Batting: SHB Sean Cook
|
0-0: Ball 1-0: Ball 2-0: Ball Wild Pitch! Kevin Bellman to second 3-0: Called Strike 3-1: Foul Ball, location: 2F 3-2: Foul Ball, location: 2F 3-2: SINGLE (Line Drive, 4MD, EV 105.6 MPH) Kevin Bellman to third
|
|
Pitching: RHP Cody Savastand
|
|
|
Batting: RHB Jeff Jank
|
0-0: Ball Sean Cook steals 2nd base 1-0: Ball 2-0: Called Strike 2-1: Ball 3-1: Base on Balls
|
|
Batting: RHB Billy Walker
|
0-0: Called Strike 0-1: Ball 1-1: Foul Ball, location: 2F 1-2: Foul Ball, location: 2F 1-2: Ball 2-2: Strikes out swinging
|
|
Batting: SHB Roberto Magne
|
0-0: Ball 1-0: Foul Ball, location: 2F 1-1: Foul Ball, location: 2F 1-2: Strikes out looking
|
|
Batting: SHB Javy Rosa
|
0-0: DOUBLE (Line Drive, 7LM, EV 104.4 MPH) Kevin Bellman scores Sean Cook scores Jeff Jank to third Runner from 3rd tries for Home, SAFE, throw by LF to trailing runner, OUT at third! 7-3-5
|
| Bottom of the 3rd over - 4 runs, 3 hits, 0 errors, 0 left on base; Arizona 5 - New York 4 |
| TOP OF THE 4TH |
|
Arizona Diamondbacks batting - Pitching for New York Mets : RHP Casey Cuomo
|
|
Batting: SHB Warren Eisner
|
0-0: Ball 1-0: SINGLE (Groundball, 34S, EV 75.6 MPH) (infield hit)
|
|
Pinch Hitting: LHB Roy Steigerwald
|
0-0: Foul Ball, location: 2F 0-1: Called Strike 0-2: Ball 1-2: Ball 2-2: Grounds into double play, 6-4-3 (Groundball, 6, EV 88.1 MPH)
|
|
Batting: RHB Katilimomi Kelekolio
|
0-0: Called Strike 0-1: SOLO HOME RUN (Flyball, 9LD, EV 96.2 MPH), Distance : 354 ft
|
|
Batting: SHB Alec Thorpe
|
0-0: Ball 1-0: Ball 2-0: Called Strike 2-1: Foul Ball, location: 2F 2-2: Strikes out looking
|
| Top of the 4th over - 1 run, 2 hits, 0 errors, 0 left on base; Arizona 6 - New York 4 |
| BOTTOM OF THE 4TH |
|
New York Mets batting - Pitching for Arizona Diamondbacks : RHP Cody Savastand
|
|
Pitching: RHP Manny Ferrer
|
|
|
Now in LF: Roy Steigerwald
|
|
|
Batting: LHB Fabiano Perrolas
|
0-0: Ball 1-0: Called Strike 1-1: Ball 2-1: Foul Ball, location: 2F 2-2: Foul Ball, location: 2F 2-2: Foul Ball, location: 2F 2-2: Foul Ball, location: 2F 2-2: Foul Ball, location: 2F 2-2: Ball 3-2: Foul Ball, location: 2F 3-2: Foul Ball, location: 2F 3-2: Base on Balls
|
|
Batting: RHB Finn Ross
|
0-0: Ball 1-0: Ball 2-0: Ball 3-0: Base on Balls Fabiano Perrolas to second
|
|
Pinch Hitting: RHB Mike Phillips
|
0-0: Foul Ball, location: 2F 0-1: Swinging Strike 0-2: Strikes out looking
|
|
Batting: LHB Kevin Bellman
|
0-0: Ball 1-0: Ball 2-0: Foul Ball, location: 2F 2-1: Ball 3-1: Base on Balls Fabiano Perrolas to third Finn Ross to second
|
|
Batting: SHB Sean Cook
|
0-0: Swinging Strike 0-1: Swinging Strike 0-2: Strikes out swinging
|
|
Batting: RHB Jeff Jank
|
0-0: Swinging Strike 0-1: Ball 1-1: SINGLE (Line Drive, 9S, EV 100.0 MPH) Fabiano Perrolas scores Finn Ross to third Kevin Bellman to second Runner from 3rd tries for Home, SAFE, throw by RF to home
|
|
Batting: RHB Billy Walker
|
0-0: DOUBLE (Groundball, 5L, EV 106.9 MPH) Kevin Bellman scores Jeff Jank to third
|
|
Pitching: RHP Adam Silbert
|
|
|
Batting: SHB Roberto Magne
|
0-0: Swinging Strike 0-1: Foul Ball, location: 2F 0-2: Foul Ball, location: 2F 0-2: Ball 1-2: Ground out 4-3 (Groundball, 4, EV 96.2 MPH)
|
| Bottom of the 4th over - 3 runs, 2 hits, 0 errors, 2 left on base; Arizona 6 - New York 7 |
| TOP OF THE 5TH |
|
Arizona Diamondbacks batting - Pitching for New York Mets : RHP Casey Cuomo
|
|
Now at SS: Drtian Thaqi
|
|
|
Pinch Hitting: LHB Bobby Arevalo
|
0-0: Ball 1-0: Foul Ball, location: 2F 1-1: DOUBLE (Flyball, 8RXD, EV 101.2 MPH)
|
|
Pinch Hitting: LHB Mike Mentzer
|
0-0: Ball 1-0: Ball 2-0: Called Strike 2-1: SINGLE (Groundball, 6D, EV 102.5 MPH) Bobby Arevalo to third
|
|
Batting: LHB Jeff Densmore
|
0-0: Called Strike 0-1: Ball 1-1: Fly out, F9 (Line Drive, 9LS, EV 96.2 MPH) Runner from 3rd tags up, SCORES, throw by RF
|
|
Pinch Hitting: RHB Marlon Reda
|
0-0: Ball 1-0: Ball 2-0: Called Strike 2-1: Grounds into double play, 4-6-3 (Groundball, 4M, EV 81.2 MPH)
|
| Top of the 5th over - 1 run, 2 hits, 0 errors, 0 left on base; Arizona 7 - New York 7 |
| BOTTOM OF THE 5TH |
|
New York Mets batting - Pitching for Arizona Diamondbacks : RHP Adam Silbert
|
|
Pitching: LHP Mario Valdivia
|
|
|
Now at 1B: Bobby Arevalo
|
|
|
Now at 2B: Steve Reinhart
|
|
|
Now at SS: Marlon Reda
|
|
|
Now in CF: Mike Mentzer
|
|
|
Now in RF: Kevin Ferguson
|
|
|
Pinch Hitting: RHB Antonio Aranda
|
0-0: Ball 1-0: Ball 2-0: Ball 3-0: Called Strike 3-1: Foul Ball, location: 2F 3-2: Foul Ball, location: 2F 3-2: Strikes out looking
|
|
Batting: LHB Fabiano Perrolas
|
0-0: SOLO HOME RUN (Line Drive, 9D, EV 94.4 MPH), Distance : 372 ft
|
|
Batting: RHB Finn Ross
|
0-0: Ground out 4-3 (Groundball, 34, EV 79.4 MPH)
|
|
Batting: RHB Drtian Thaqi
|
0-0: Swinging Strike 0-1: Ball 1-1: Ball 2-1: SINGLE (Line Drive, 89S, EV 91.2 MPH)
|
|
Batting: LHB Kevin Bellman
|
0-0: Called Strike 0-1: Ball 1-1: Ball 2-1: Ball 3-1: 2-RUN HOME RUN (Flyball, 9LD, EV 92.5 MPH), Distance : 351 ft
|
|
Pitching: RHP Mike Osgood
|
|
|
Batting: SHB Sean Cook
|
0-0: Foul Ball, location: 2F 0-1: Ball 1-1: Fly out, F8 (Line Drive, 8RM, EV 91.2 MPH)
|
| Bottom of the 5th over - 3 runs, 3 hits, 0 errors, 0 left on base; Arizona 7 - New York 10 |
| TOP OF THE 6TH |
|
Arizona Diamondbacks batting - Pitching for New York Mets : RHP Casey Cuomo
|
|
Pitching: RHP Robbie Beerbower
|
|
|
Now at C: Nelson Powell
|
|
|
Now in LF: Antonio Aranda
|
|
|
Batting: LHB Kevin Ferguson
|
0-0: Ball 1-0: Called Strike 1-1: Called Strike 1-2: Ground out 5-3 (Groundball, 56, EV 84.4 MPH)
|
|
Pinch Hitting: RHB Dusty Thompson
|
0-0: Ground out 4-3 (Groundball, 4, EV 85.6 MPH)
|
|
Batting: LHB Roy Steigerwald
|
0-0: Foul Ball, location: 2F 0-1: Ball 1-1: Ball 2-1: Called Strike 2-2: Fly out, F7 (Flyball, 7D, EV 101.2 MPH)
|
| Top of the 6th over - 0 runs, 0 hits, 0 errors, 0 left on base; Arizona 7 - New York 10 |
| BOTTOM OF THE 6TH |
|
New York Mets batting - Pitching for Arizona Diamondbacks : RHP Mike Osgood
|
|
Now at 3B: Dusty Thompson
|
|
|
Pinch Hitting: RHB Josh Jones
|
0-0: Called Strike 0-1: Ball 1-1: Ball 2-1: Foul Ball, location: 2F 2-2: Ball 3-2: Strikes out swinging
|
|
Batting: RHB Jordan Fairburn
|
0-0: Called Strike 0-1: Ball 1-1: Fly out, F9 (Flyball, 9LM, EV 93.8 MPH)
|
|
Batting: SHB Roberto Magne
|
0-0: Ball 1-0: Ground out 4-3 (Groundball, 4S, EV 71.9 MPH)
|
| Bottom of the 6th over - 0 runs, 0 hits, 0 errors, 0 left on base; Arizona 7 - New York 10 |
| TOP OF THE 7TH |
|
Arizona Diamondbacks batting - Pitching for New York Mets : RHP Robbie Beerbower
|
|
Pitching: RHP Andy Reinhardt
|
|
|
Now at 1B: Josh Jones
|
|
|
Batting: LHB Steve Reinhart
|
0-0: Called Strike 0-1: Ball 1-1: Called Strike 1-2: Ground out 4-3 (Groundball, 4, EV 80.6 MPH)
|
|
Batting: SHB Alec Thorpe
|
0-0: Ball 1-0: Ball 2-0: SINGLE (Line Drive, 8LS, EV 109.4 MPH)
|
|
Batting: LHB Bobby Arevalo
|
0-0: Ball Alec Thorpe steals 2nd base 1-0: Called Strike 1-1: Called Strike 1-2: Foul Ball, location: 2F 1-2: Foul Ball, location: 2F 1-2: Strikes out swinging
|
|
Batting: LHB Mike Mentzer
|
0-0: Foul Ball, location: 2F 0-1: Foul Ball, location: 2F 0-2: Ball 1-2: Ball 2-2: Foul Ball, location: 2F 2-2: Strikes out swinging
|
| Top of the 7th over - 0 runs, 1 hit, 0 errors, 1 left on base; Arizona 7 - New York 10 |
| BOTTOM OF THE 7TH |
|
New York Mets batting - Pitching for Arizona Diamondbacks : RHP Mike Osgood
|
|
Batting: RHB Antonio Aranda
|
0-0: Ball 1-0: Called Strike 1-1: Ball 2-1: Ground out 5-3 (Groundball, 56S, EV 68.8 MPH)
|
|
Batting: SHB Nelson Powell
|
0-0: Ball 1-0: Fly out, F9 (Flyball, 89M, EV 74.4 MPH)
|
|
Batting: RHB Finn Ross
|
0-0: Called Strike 0-1: Swinging Strike 0-2: Strikes out swinging
|
| Bottom of the 7th over - 0 runs, 0 hits, 0 errors, 0 left on base; Arizona 7 - New York 10 |
| TOP OF THE 8TH |
|
Arizona Diamondbacks batting - Pitching for New York Mets : RHP Andy Reinhardt
|
|
Pitching: RHP Justin Overlie
|
|
|
Batting: LHB Jeff Densmore
|
0-0: Called Strike 0-1: Fly out, F7 (Flyball, 78S, EV 77.5 MPH)
|
|
Batting: RHB Marlon Reda
|
0-0: Called Strike 0-1: Foul Ball, location: 2F 0-2: Foul Ball, location: 2F 0-2: Foul Ball, location: 2F 0-2: Strikes out swinging
|
|
Batting: LHB Kevin Ferguson
|
0-0: Ball 1-0: Called Strike 1-1: Ball 2-1: Foul Ball, location: 2F 2-2: Ball 3-2: Foul Ball, location: 2F 3-2: SINGLE (Groundball, 5S, EV 70.6 MPH) (infield hit)
|
|
Batting: RHB Dusty Thompson
|
0-0: Ball 1-0: Called Strike 1-1: Called Strike 1-2: Ball 2-2: Fly out, F5 (Popup, 25, EV 90.0 MPH)
|
| Top of the 8th over - 0 runs, 1 hit, 0 errors, 1 left on base; Arizona 7 - New York 10 |
| BOTTOM OF THE 8TH |
|
New York Mets batting - Pitching for Arizona Diamondbacks : RHP Mike Osgood
|
|
Pitching: LHP Chris Baran
|
|
|
Batting: RHB Drtian Thaqi
|
0-0: Called Strike 0-1: Ball 1-1: Ball 2-1: Called Strike 2-2: Strikes out swinging
|
|
Batting: LHB Kevin Bellman
|
0-0: Hit by Pitch
|
|
Batting: SHB Sean Cook
|
0-0: Ball 1-0: Ball Kevin Bellman is caught stealing 2nd base 2-4 2-0: Called Strike 2-1: Called Strike 2-2: Ball 3-2: Foul Ball, location: 2F 3-2: Foul Ball, location: 2F 3-2: Ground out 1-3 (Groundball, P, EV 75.0 MPH)
|
| Bottom of the 8th over - 0 runs, 0 hits, 0 errors, 0 left on base; Arizona 7 - New York 10 |
| TOP OF THE 9TH |
|
Arizona Diamondbacks batting - Pitching for New York Mets : RHP Justin Overlie
|
|
Pitching: RHP Brian Wood
|
|
|
Pinch Hitting: RHB Edgar Garcia
|
0-0: Ball 1-0: Called Strike 1-1: Ball 2-1: Foul Ball, location: 2F 2-2: Foul Ball, location: 2F 2-2: Ground out 6-3 (Groundball, 6, EV 105.6 MPH)
|
|
Batting: LHB Steve Reinhart
|
0-0: Called Strike 0-1: Ground out 6-3 (Groundball, 56, EV 82.5 MPH)
|
|
Batting: SHB Alec Thorpe
|
0-0: Foul Ball, location: 2F 0-1: Ball 1-1: Ball 2-1: Fly out, F8 (Flyball, 8RXD, EV 106.9 MPH)
|
| Top of the 9th over - 0 runs, 0 hits, 0 errors, 0 left on base; Arizona 7 - New York 10 |
|